 Dungeon Crawl Stone Soup version 0.26.1-11-gd32895ea62 (webtiles) character file.

Game seed: 13773067929921777655

47383 MisterFreud the Grappler (level 14, 0/137 HPs)
             Began as a Troll Monk on Apr 28, 2021.
             Splashed with acid (10 damage)
             ... on level 2 of the Pits of Slime on Apr 30, 2021.
             The game lasted 00:29:05 (14942 turns).

MisterFreud the Grappler (Troll Monk)              Turns: 14942, Time: 00:29:06

Health: 0/137      AC: 13    Str: 22 (24) XL:     14   Next: 8%
Magic:  3/11       EV:  9    Int:  2 (4)  God:
Gold:   1130       SH:  0    Dex: 10 (14) Spells: 13/13 levels left

rFire    . . .     SeeInvis .     - Unarmed
rCold    . . .     Faith    .   (no shield)
rNeg     . . .     Spirit   .   h - +0 storm dragon scales
rPois    +         Reflect  +   (helmet restricted)
rElec    +         Harm     .   (no cloak)
rCorr    .         Rampage  .   (gloves unavailable)
Will     +....                  (boots unavailable)
Stlth    ..........             g - amulet of reflection
HPRegen  0.72/turn              a - +4 ring of slaying
MPRegen  0.12/turn              m - ring of poison resistance

@: confused
A: large, unfitting armour, claws 3, hooves 1, repulsion field 1, deformed body,
deterioration 1, dopey 1, low mp 1, regeneration 1, shaggy fur 1, tough skin 3,
evolution 1
a: no special abilities


You were on level 2 of the Pits of Slime.
You visited 4 branches of the dungeon, and saw 22 of its levels.
You also visited: Gauntlet.

You collected 1214 gold pieces.
You spent 84 gold pieces at shops.

Inventory:

Missiles
 c - 55 poisoned darts
 r - 21 javelins
 u - 10 large rocks (quivered)
 w - a throwing net
 G - 17 boomerangs
 U - 4 curare-tipped darts
Armour
 h - +0 storm dragon scales (worn)
 B - +0 acid dragon scales
 I - a +0 tower shield
 S - the +4 moon troll leather armour {Spirit, Regen++ MP+5}
   (You found it in a Gauntlet)

   It affects your magic capacity (+5).
   It increases your rate of regeneration.
Jewellery
 a - a +4 ring of slaying (left claw)
 g - an amulet of reflection (around neck)
 l - an uncursed ring of ice
 m - a ring of poison resistance (right claw)
 y - a +6 ring of intelligence
 J - an uncursed ring of positive energy
 R - an uncursed ring of protection from fire
 V - an uncursed amulet of guardian spirit {unknown}
Wands
 d - a wand of random effects (34)
 p - a wand of enslavement (26)
 v - a wand of flame (17)
 x - a wand of paralysis (21)
 E - a wand of polymorph (33)
 F - a wand of iceblast (11)
 L - a wand of disintegration (7)
 M - a wand of acid (2)
Scrolls
 e - 9 scrolls of remove curse
 o - 3 scrolls of identify
 A - 2 scrolls of fear
 C - a scroll of summoning
 H - 4 scrolls of teleportation
 K - a scroll of immolation
 O - a scroll of fog
Potions
 f - 3 potions of brilliance
 i - 2 potions of mutation
 j - 3 potions of magic
 k - a potion of attraction
 n - 8 potions of curing
 s - a potion of flight
 t - 3 potions of lignification
 z - a potion of ambrosia
 D - 3 potions of cancellation
 N - a potion of heal wounds
 Q - a potion of resistance
Miscellaneous
 P - a phantom mirror


   Skills:
 + Level 8.8 Fighting
 + Level 9.2 Throwing
 - Level 10.0 Armour
 - Level 2.4 Dodging
 - Level 1.0 Stealth
 * Level 8.4 Shields
 + Level 13.7 Unarmed Combat


You had 13 spell levels left.
You didn't know any spells.
Your spell library contained the following spells:

 Spells                   Type           Power        Failure   Level
 Animate Skeleton         Necr           0%           99%         1
 Apportation              Tloc           0%           99%         1
 Corona                   Hex            0%           99%         1
 Freeze                   Ice            0%           99%         1
 Magic Dart               Conj           0%           99%         1
 Pain                     Necr           0%           99%         1
 Sting                    Tmut/Pois      0%           99%         1
 Summon Small Mammal      Summ           0%           99%         1
 Blink                    Tloc           N/A          99%         2
 Call Imp                 Summ           0%           99%         2
 Corpse Rot               Necr/Air       N/A          99%         2
 Ensorcelled Hibernation  Hex/Ice        0%           99%         2
 Poisonous Vapours        Pois/Air       0%           99%         2
 Slow                     Hex            0%           99%         2
 Sublimation of Blood     Necr           0%           99%         2
 Confusing Touch          Hex            0%           100%        3
 Conjure Flame            Conj/Fire      0%           100%        3
 Gell's Gravitas          Tloc           0%           100%        3
 Ignite Poison            Fire/Tmut/Pois 0%           100%        3
 Mephitic Cloud           Conj/Pois/Air  0%           100%        3
 Static Discharge         Conj/Air       0%           100%        3
 Olgreb's Toxic Radiance  Pois           0%           100%        4
 Petrify                  Tmut/Erth      0%           100%        4
 Agony                    Necr           0%           100%        5
 Metabolic Englaciation   Hex/Ice        0%           100%        5
 Yara's Violent Unravell  Hex/Tmut       0%           100%        5
 Ozocubu's Refrigeration  Ice            0%           100%        6


Dungeon Overview and Level Annotations

Branches:
Dungeon (13/15)            Temple (1/1) D:5            Lair (5/6) D:11
 Spider (0/4) Lair:3        Slime (3/5) Lair:5          Orc (0/2) D:11
Gauntlet (visited)
  Swamp: Lair:2-4    Shoals: Lair:2-4    Vaults: D:13-14

Altars:
Ashenzari
Cheibriados
Dithmenos
Elyvilon
Fedhas
Gozag
Hepliaklqana
Kikubaaqudgha
Makhleb
Nemelex Xobeh
Okawaru
Qazlal
Ru
Sif Muna
Trog
Uskayaw
Vehumet
Wu Jian
Xom
Yredelemnul
Zin
The Shining One

Shops:
D:4 !   D:6 *

Annotations:
D:9 1 runed translucent door, Domino's ghost, novice MiBe
D:11 2 transporters, Galthrax's ghost, journeyman DgFi


Innate Abilities, Weirdness & Mutations

You are too large for most types of armour.
You have claws for hands.
Your natural rate of healing is unusually fast.
You are covered in fur. (AC +1)
You have extremely tough skin. (AC +3)
You have large cloven feet.
You are surrounded by a mild repulsion field. (EV +2)
Armour fits poorly on your strangely shaped body.
Your body sometimes deteriorates upon taking damage.
You are dopey. (Int -2)
Your magical capacity is low. (-10% MP)
You evolve.


Message History

The great orb of eyes gazes at you. You resist with significant effort.
You barely miss the great orb of eyes.
The great orb of eyes is severely wounded.
The great orb of eyes barely misses you.
You're too confused to move!
The great orb of eyes bites you!
You scratch the great orb of eyes.
You kick the great orb of eyes, but do no damage.
The great orb of eyes is severely wounded.
The eye of devastation gazes at you. The bolt of energy hits you!!!
* * * LOW HITPOINT WARNING * * *
You barely miss the eye of devastation. You kick the eye of devastation.
You claw the eye of devastation!
The eye of devastation is severely wounded.
The great orb of eyes gazes at you.
You feel your power leaking away.
You are splashed with acid!
You die...

.....................
.....................
..........>.<........
#..........>........#
......#..............
#....................
#...#.............#..
........GG...........
..........@..........
..#........#......#.#
# #...........>......
...................
...#..#...........
..................
..................
................


You could see a great orb of eyes and an eye of devastation.

Vanquished Creatures
  3 acid blobs (Slime:1)
  A fire giant (D:11)
  4 azure jellies
  A minotaur (Gauntlet)
  Harold (D:8)
  2 hydras
  2 two-headed ogres
  Sonja (Lair:5)
  2 unseen horrors
  An orc knight (D:12)
  Pikel (D:8)
  2 shining eyes
  An ugly thing (D:11)
  A manticore (D:12)
  A cyclops (D:12)
  A worldbinder (Gauntlet)
  An ice statue (Gauntlet)
  Maurice (D:11)
  Psyche (D:11)
  A cane toad (Lair:1)
  2 gargoyles
  3 komodo dragons
  2 rime drakes (Gauntlet)
  Maggie (D:8)
  A polar bear (Lair:5)
  7 trolls
  3 meliai (Lair:5)
  Prince Ribbit (D:8)
  19 slime creatures
  9 blink frogs (Lair:3)
  6 shadows
  2 wyverns
  6 flying skulls (Gauntlet)
  2 vampires (D:12)
  2 wraiths
  14 yaks
  Grum (D:10)
  2 steam dragons
  A golden eye (Slime:2)
  2 vampire mosquitoes (D:12)
  3 wargs (D:11)
  A soldier ant (D:12)
  7 water moccasins
  A hornet zombie (D:8)
  4 orc warriors
  5 black bears
  5 sky beasts
  3 eyes of draining
  A necrophage (D:11)
  3 boggarts (Gauntlet)
  5 ice beasts
  A phantom (D:11)
  8 ogres
  9 wolves
  4 centaurs
  A lemure (D:8)
  A big kobold (D:9)
  13 bullfrogs
  A gnoll sergeant (D:6)
  A wyvern zombie (D:12)
  A water moccasin zombie (D:9)
  A wyvern skeleton (D:7)
  7 scorpions
  2 troll zombies (D:11)
  3 killer bees
  4 wights (D:9)
  2 electric eels (D:9)
  2 howler monkeys
  A centaur zombie (D:9)
  A quasit (D:5)
  2 bullfrog zombies
  9 orc priests
  4 hounds
  5 jellies
  17 orc wizards
  2 bullfrog skeletons
  A centaur skeleton (D:6)
  6 iguanas
  12 worker ants
  Natasha (thrice) (D:2)
  6 ogre zombies (D:11)
  A worker ant zombie (D:8)
  11 gnolls
  8 adders
  2 howler monkey skeletons
  2 ufetubi
  An ooze (D:2)
  3 adder zombies
  6 worms
  3 dart slugs
  4 leopard geckos
  41 orcs
  3 ball pythons
  7 giant cockroaches
  11 goblins
  13 hobgoblins
  22 jackals
  11 quokkas
  14 bats
  6 frilled lizards
  7 goblin zombies (D:11)
  3 hobgoblin skeletons (D:11)
  2 hobgoblin zombies (D:11)
  17 kobolds
  2 leopard gecko skeletons
  An orc skeleton (D:11)
  12 orc zombies (D:11)
  10 rats
506 creatures vanquished.

Vanquished Creatures (others)
  13 fungi
  66 plants
  A withered plant (D:7)
80 creatures vanquished.

Grand Total: 586 creatures vanquished

Notes
Turn   | Place    | Note
-------+----------+-------------------------------------------
     0 | D:1      | MisterFreud the Troll Monk began the quest for the Orb.
     0 | D:1      | Reached XP level 1. HP: 22/22 MP: 0/0
   102 | D:1      | Reached XP level 2. HP: 29/29 MP: 1/1
   331 | D:1      | Reached skill level 4 in Unarmed Combat
   408 | D:1      | Reached XP level 3. HP: 36/36 MP: 2/2
   887 | D:2      | Reached skill level 1 in Armour
   981 | D:2      | Reached XP level 4. HP: 44/44 MP: 3/3
  1056 | D:2      | Reached skill level 5 in Unarmed Combat
  1219 | D:2      | Noticed Natasha
  1222 | D:2      | Killed Natasha
  1223 | D:2      | Reached XP level 5. HP: 50/50 MP: 4/4
  1391 | D:2      | Noticed Natasha
  1396 | D:2      | Killed Natasha
  1413 | D:2      | Noticed Natasha
  1419 | D:2      | Killed Natasha
  1674 | D:3      | Found a faded altar of an unknown god.
  1848 | D:3      | Reached XP level 6. HP: 59/59 MP: 5/5
  1864 | D:3      | Reached skill level 6 in Unarmed Combat
  2334 | D:3      | Found a bloodstained altar of Trog.
  2602 | D:4      | Found an opulent altar of Gozag.
  2651 | D:4      | Found Otron's Distillery.
  2663 | D:4      | Bought a potion of curing for 39 gold pieces
  2801 | D:4      | Found an ornate altar of the Wu Jian Council.
  2864 | D:4      | Found a bloodstained altar of Trog.
  3462 | D:5      | Entered Level 5 of the Dungeon
  3606 | D:5      | Reached XP level 7. HP: 66/66 MP: 6/6
  3614 | D:5      | Reached skill level 7 in Unarmed Combat
  3726 | D:5      | Found an opulent altar of Gozag.
  3848 | D:5      | Found a staircase to the Ecumenical Temple.
  3978 | Temple   | Entered the Ecumenical Temple
  4208 | D:6      | Found Hular's Assorted Antiques.
  4214 | D:6      | Reached skill level 8 in Unarmed Combat
  4246 | D:6      | Bought a green potion for 21 gold pieces
  4246 | D:6      | Bought a scroll labelled NYGETA PARPHAMM for 24 gold pieces
  4348 | D:5      | Reached XP level 8. HP: 55/74 MP: 7/7
  4399 | D:6      | Reached skill level 5 in Armour
  4606 | D:6      | Found an iron altar of Okawaru.
  4704 | D:6      | Found a sacrificial altar of Ru.
  4704 | D:6      | Found a stormy altar of Qazlal.
  5075 | D:7      | Noticed a troll
  5097 | D:7      | Killed a troll
  5109 | D:7      | Reached XP level 9. HP: 37/84 MP: 8/8
  5309 | D:7      | Found a hide-covered altar of Uskayaw.
  5323 | D:7      | Found a sparkling altar of Nemelex Xobeh.
  5339 | D:7      | Found a basalt altar of Yredelemnul.
  5518 | D:7      | Reached skill level 9 in Unarmed Combat
  5997 | D:8      | Reached skill level 1 in Throwing
  6097 | D:8      | Noticed Prince Ribbit
  6156 | D:8      | Killed Prince Ribbit
  6216 | D:8      | Noticed Harold
  6235 | D:8      | Killed Harold
  6236 | D:8      | Reached skill level 5 in Fighting
  6236 | D:8      | Reached XP level 10. HP: 90/96 MP: 9/9
  6244 | D:8      | Found a glowing golden altar of the Shining One.
  6401 | D:8      | Noticed Maggie
  6409 | D:8      | Noticed Pikel
  6410 | D:8      | Killed Maggie
  6420 | D:8      | Killed Pikel
  6514 | D:8      | Found a blossoming altar of Fedhas.
  6558 | D:9      | Found a burning altar of Makhleb.
  6583 | D:9      | Noticed a two-headed ogre
  6595 | D:9      | Killed a two-headed ogre
  6596 | D:9      | Reached skill level 5 in Throwing
  6596 | D:9      | Reached skill level 10 in Unarmed Combat
  6881 | D:9      | Found a runed translucent door.
  6883 | D:9      | Noticed Domino's ghost (novice MiBe)
  6885 | D:9      | Identified the +7 spear of Destiny {speed, *Rage rF+ rC+
                  | Int+4}
  7327 | D:9      | Found a shimmering altar of Xom.
  7328 | D:9      | Found a hazy altar of Hepliaklqana.
  7671 | D:10     | Entered Level 10 of the Dungeon
  7671 | D:10     | Noticed a gargoyle
  7680 | D:10     | Killed a gargoyle
  7744 | D:10     | Noticed Grum
  7872 | D:10     | Killed Grum
  7911 | D:10     | Reached XP level 11. HP: 103/105 MP: 10/10
  8096 | D:10     | Killed an unseen horror
  8328 | D:11     | Noticed Maurice
  8331 | D:11     | Noticed a skeletal warrior
  8358 | D:11     | Killed Maurice
  8359 | D:11     | Reached skill level 11 in Unarmed Combat
  8497 | D:11     | Noticed Psyche
  8516 | D:11     | Killed an unseen horror
  8528 | D:11     | Noticed a brown ugly thing
  8533 | D:11     | Killed Psyche
  8551 | D:11     | Noticed Galthrax's ghost (journeyman DgFi)
  8574 | D:11     | Killed a brown ugly thing
  8836 | D:11     | Reached skill level 12 in Unarmed Combat
  8873 | D:11     | Found a transporter.
  8897 | D:11     | Found a transporter.
  8939 | D:11     | Noticed a fire giant
  9220 | D:11     | Reached skill level 10 in Armour
  9337 | D:11     | Found a staircase to the Lair.
  9350 | D:11     | Killed a fire giant
  9451 | D:11     | Found a staircase to the Orcish Mines.
  9740 | D:12     | Reached XP level 12. HP: 106/115 MP: 11/11
  9749 | D:12     | Reached skill level 1 in Shields
 10818 | D:12     | Noticed a two-headed ogre
 10835 | D:12     | Killed a two-headed ogre
 10974 | D:12     | Noticed a six-headed hydra
 10985 | D:12     | Killed a seven-headed hydra
 11505 | Lair:1   | Entered Level 1 of the Lair of Beasts
 11551 | Lair:1   | Reached skill level 5 in Shields
 11658 | Lair:3   | Found a hole to the Spider Nest.
 11660 | Lair:3   | Found a gate leading to a gauntlet.
 11679 | Gauntlet | Entered a Gauntlet
 11679 | Gauntlet | Found a transporter.
 11679 | Gauntlet | Found a transporter.
 11679 | Gauntlet | Found a transporter.
 11679 | Gauntlet | Noticed a reaper
 11680 | Gauntlet | Found a transporter.
 11683 | Gauntlet | Found a transporter.
 11696 | Gauntlet | Found a transporter.
 11697 | Gauntlet | Found a transporter.
 11705 | Gauntlet | Found a transporter.
 11726 | Gauntlet | Found a transporter.
 11732 | Gauntlet | Found a transporter.
 11751 | Gauntlet | Found a transporter.
 11774 | Gauntlet | Found a transporter.
 12150 | Gauntlet | Reached XP level 13. HP: 123/124 MP: 12/12
 12193 | Gauntlet | Identified the +8 quarterstaff of Quantum Leap {vorpal,
                  | rPois Int+3}
 12193 | Gauntlet | Noticed a minotaur
 12194 | Gauntlet | Found the +4 moon troll leather armour {Spirit, Regen++
                  | MP+5}
 12205 | Gauntlet | Killed a minotaur
 12206 | Gauntlet | Reached skill level 13 in Unarmed Combat
 12218 | Gauntlet | Identified the Grimoire of Aerial Snow
 12218 | Gauntlet | Identified the Volume of Black Secrets
 12659 | Lair:5   | Noticed Sonja
 12670 | Lair:5   | Killed Sonja
 12733 | Lair:5   | Found a staircase to the Slime Pits.
 12793 | Slime:1  | Entered Level 1 of the Pits of Slime
 12793 | Slime:1  | Noticed an acid blob
 12793 | Slime:1  | Noticed an azure jelly
 13253 | Lair:5   | Killed an azure jelly
 13440 | Slime:1  | Killed an acid blob
 13692 | Slime:1  | Noticed an azure jelly
 13705 | Slime:1  | Killed an azure jelly
 13791 | Slime:1  | Noticed an azure jelly
 13858 | Slime:1  | Killed an azure jelly
 14129 | Slime:2  | Noticed an acid blob
 14139 | Slime:1  | Killed an acid blob
 14192 | Slime:2  | Gained mutation: You are frail. (-10% HP) [a shining eye]
 14194 | Slime:2  | Gained mutation: You are very frail. (-20% HP) [a shining
                  | eye]
 14205 | Slime:1  | Lost mutation: You are very frail. (-20% HP) [potion of
                  | mutation]
 14205 | Slime:1  | Gained mutation: Your spells are a little easier to cast,
                  | but a little less powerful. [potion of mutation]
 14205 | Slime:1  | Gained mutation: You are dopey. (Int -2) [potion of
                  | mutation]
 14205 | Slime:1  | Gained mutation: You evolve. [potion of mutation]
 14205 | Slime:1  | Gained mutation: You have large cloven feet. [potion of
                  | mutation]
 14206 | Slime:1  | Lost mutation: You are dopey. (Int -2) [potion of mutation]
 14206 | Slime:1  | Lost mutation: You are frail. (-10% HP) [potion of
                  | mutation]
 14206 | Slime:1  | Lost mutation: Your spells are a little easier to cast, but
                  | a little less powerful. [potion of mutation]
 14206 | Slime:1  | Gained mutation: You are dopey. (Int -2) [potion of
                  | mutation]
 14206 | Slime:1  | Gained mutation: Your body sometimes deteriorates upon
                  | taking damage. [potion of mutation]
 14206 | Slime:1  | Gained mutation: You are surrounded by a mild repulsion
                  | field. (EV +2) [potion of mutation]
 14245 | Slime:2  | Noticed an azure jelly
 14246 | Slime:2  | Noticed an acid blob
 14514 | Lair:5   | Gained mutation: You are robust. (+10% HP) [evolution]
 14551 | Lair:5   | HP: 1/140 [azure jelly (20)]
 14553 | Lair:5   | Killed an azure jelly
 14745 | Slime:1  | Gained mutation: Your magical capacity is low. (-10% MP) [a
                  | shining eye]
 14747 | Lair:5   | Gained mutation: Armour fits poorly on your strangely
                  | shaped body. [a shining eye]
 14749 | Lair:5   | Lost mutation: You are robust. (+10% HP) [a shining eye]
 14753 | Lair:5   | Reached XP level 14. HP: 113/137 MP: 11/11
 14795 | Slime:1  | Killed an acid blob
 14942 | Slime:2  | Splashed with acid

Illustrated notes

Levels and vault maps discovered:
D:1:      dpeg_arrival_renting, layout_loops_ring, minmay_nonomino_d4
D:2:      layout_loops_ring, uniq_natasha
D:3:      wad_woods_tower, layout_basic, chequers_ecumenical_altar_simple_redux,
          st_stairs_7, trog_hazing_becter
D:4:      layout_loops_ring, old_standard_altar, nzn_wu_jian_contemplation,
          lemuel_round_altar, serial_shops, shop, abandoned_shop,
          chequers_big_river
D:5:      layout_rooms, minmay_temple_entry_purple_smoke,
          nicolae_gozag_cash_rules_everything_around_me
D:6:      minmay_razor_zed, layout_basic, nicolae_overflow_crystal_walls,
          gammafunk_temple_overflow_wave, serial_shops, shop,
          kennysheep_generic_room_13
D:7:      layout_basic, nemelex_xobeh_ov_fountains_minmay,
          yredelemnul_altar_generic, eat_drink_and_be_merry_uskayaw
D:8:      layout_cave_pools, lemuel_round_altar, basic_altar,
          uniq_prince_ribbit1, uniq_harold, uniq_pikel, uniq_maggie
D:9:      layout_cave_pods, regret_index_temple_of_mockery, basic_altar,
          ebering_ghost_funeral_grove, serial_bayou_lake_a
D:10:     layout_rooms, uniq_grum
D:11:     layout_rooms, erik_lair_orcish_takeover, zombieorc2_lemuel,
          gammafunk_ghost_mausoleum, kennysheep_just_a_vault, uniq_maurice,
          uniq_psyche
D:12:     minmay_polygon_palace, layout_basic
D:13:     layout_rooms
Temple:   dpeg_chambers_temple
Lair:1:   layout_gridlike
Lair:2:   layout_regular_city, elwin_shoals_entry_rooms,
          chequers_serial_rivers_micro_d, lemuel_fruit_fields
Lair:3:   layout_big_grid, dummy_spider_entry, gauntlet_entry_generic,
          chequers_serial_rivers_small_3
Lair:4:   regret_index_wax_grids, layout_regular_city, grunt_megastairs_5
Lair:5:   layout_roguey, minmay_slime_entry_pillars, special_room
          [special_room_bee], serial_bayou_shore_a, uniq_sonja
Slime:1:  cheibrodos_slime_lost_civilization_9, layout_caves
Slime:2:  layout_caves
Slime:3:  nicolae_slime_jelly_donut, layout_caves

Skill      XL: |  1  2  3  4  5  6  7  8  9 10 11 12 13 |
---------------+----------------------------------------+-----
Unarmed Combat | 4 5 6 8 9 10 12 13 | 13.7
Armour         | 1 2 3 4 6 7 8 10 | 10.0
Fighting       | 3 5 6 7 8 |  8.8
Throwing       | 4 6 7 9 |  9.2
Shields        | 5 8 |  8.4
Dodging        | |  2.4
Stealth        | |  1.0

Action                   |  1- 3 |  4- 6 |  7- 9 | 10-12 | 13-15 || total
-------------------------+-------+-------+-------+-------+-------++-------
Melee: Unarmed           |    90 |   236 |   322 |   782 |   253 ||  1683
       Punch             |     2 |       |    10 |    43 |    14 ||    69
       Kick              |       |       |       |       |    17 ||    17
Throw: Large rock        |       |       |       |     3 |    10 ||    13
Evoke: Wand              |       |       |       |       |     2 ||     2
  Use: Scroll            |       |    11 |    10 |     5 |     4 ||    30
       Potion            |       |       |     1 |     1 |     5 ||     7
 Stab: Sleeping          |     1 |       |       |       |       ||     1
Armor: Robe              |     3 |       |       |       |       ||     3
       Storm dragon scal |    50 |   156 |   173 |   392 |   219 ||   990
Dodge: Dodged            |    28 |    69 |    87 |   200 |    95 ||   479
Block: Other             |       |     8 |    59 |   148 |    66 ||   281
       Reflection        |       |       |     1 |     7 |       ||     8
